 Dungeon Crawl Stone Soup version 0.31-a0-233-g139696dc86 (webtiles) character file.

Game seed: 625581824749247858

95 qw the Shooter (level 4, -4/26 HPs)
             Began as a Gargoyle Hexslinger on July 9, 2023.
             Slain by a gnoll
             ... wielding a +0 halberd
              (14 damage)
             ... on level 3 of the Dungeon.
             The game lasted 00:00:49 (2353 turns).

qw the Shooter (Gargoyle Hexslinger)                Turns: 2353, Time: 00:00:50

Health: -4/26      AC:  7    Str: 11    XL:     4   Next: 66%
Magic:  5/5        EV: 11    Int: 14    God:
Gold:   170        SH:  0    Dex: 14    Spells: 4/5 levels left

rFire   . . .        Y - +1 sling
rCold   . . .        (no shield)
rNeg    + . .        d - +0 leather armour
rPois   inf          e - +0 helmet
rElec   +            (no cloak)
rCorr   .            (no gloves)
SInv    .            (no boots)
Will    .....        (no amulet)
Stlth   +            (no ring)
HPRegen 0.24/turn    (no ring)
MPRegen 0.09/turn

%: no passive effects
@: no status effects
A: sickness immunity, AC +3, negative energy resistance 1, electricity
resistance, torment resistance 1, petrification resistance
a: no special abilities


You were on level 3 of the Dungeon.
You visited 1 branch of the dungeon, and saw 3 of its levels.

You collected 170 gold pieces.


Innate Abilities, Weirdness & Mutations

You are immune to sickness and miasma.
Your stone body is resilient. (AC +3)
You are immune to poison.
You resist negative energy. (rN+)
You are resistant to electric shocks. (rElec)
You are resistant to unholy torment.
You are immune to petrification.


   Skills:
 - Level 2.0 Fighting
 + Level 4.4 Ranged Weapons
 - Level 1.5 Dodging
 - Level 1.0 Spellcasting
 - Level 2.6 Hexes


You had 4 spell levels left.
You knew the following spells:

 Your Spells              Type           Power      Damage    Failure   Level
a - Slow                  Hex            32%        N/A       12%         1

Your spell library contained the following spells:

 Spells                   Type           Power      Damage    Failure   Level
 Inner Flame              Hex/Fire       4%         N/A       52%         3
 Portal Projectile        Hex/Tloc       8%         N/A       52%         3
 Cause Fear               Hex            4%         N/A       75%         4

Inventory:

Hand Weapons
 Y - a +1 sling (weapon)
Armour
 d - a +0 leather armour (worn)
 e - a +0 helmet (worn)
 h - a +2 hat
Scrolls
 a - a scroll of identify
 b - a scroll of enchant armour {unknown}
 f - a scroll of torment {unknown}
 i - a scroll of enchant weapon {unknown}
Potions
 c - a potion of lignification {unknown}
 g - a potion of brilliance {unknown}

Dungeon Overview and Level Annotations

Branches:
Dungeon (3/15)

Altars:
Fedhas
Vehumet
Zin


Message History

You start resting.
HP restored. 3 gnolls come into view.
The gnoll shouts! x2
Enter note:
Enter note:
Enter note:
Enter note:
Enter note:
Enter note:
Enter note:
Enter note:
Enter note:
Enter note:
Enter note:
Enter note:
Enter note:
Enter note:
Enter note: You shoot a sling bullet.
The sling bullet barely misses the gnoll.
The gnoll shouts!
You shoot a sling bullet.
The sling bullet closely misses the gnoll.
The gnoll throws a throwing net.
The throwing net hits you.
You become entangled in the net!
You struggle against the net.
You struggle against the net.
You struggle against the net.
The gnoll hits you from afar with a +0 halberd!
You rip the net and break free!
The gnoll misses you.
The gnoll hits you from afar with a +0 halberd.
You shoot a sling bullet. The sling bullet hits the gnoll.
The gnoll is moderately wounded.
The gnoll hits you from afar with a +0 halberd.
The gnoll closely misses you.
The gnoll hits you from afar with a +0 halberd!
Ouch! That really hurt!
You die...

##########
......##.#########
####.....#.......#
...#[.##.#.####.##
...#..##.#.#.....#
...#.###.#.#.##..#
...#.# #.#...#...#
####.###.#.#....@#
.............~~~..gg....
..######...~~~~~~~g.###.
########..~~~~~~~~~..#
.........~~~~~~~~~~~.#
###......~~~~.>7~~~~...
.....##.~~~~P....~~~~...
.##..##.~~~~PP_7P~~~~.#.
.##.....~~~~...7P~~~~..


You could see 3 gnolls.

Vanquished Creatures
  3 adders
  A worm (D:3)
  4 dart slugs
  An orc (D:3)
  2 ball pythons
  3 endoplasms
  A giant cockroach (D:1)
  6 goblins
  10 hobgoblins
  7 kobolds
  7 quokkas
  3 bats
  4 rats
52 creatures vanquished.

Notes
Turn   | Place    | Note
-------+----------+-------------------------------------------
     0 | D:1      | qw the Gargoyle Hexslinger began the quest for the Orb.
     0 | D:1      | Reached XP level 1. HP: 12/12 MP: 2/2
     0 | D:1      | 0 ||| qw: Version: 0.3-a-51-g015441d
     0 | D:1      | 0 ||| qw: Game counter: 3920
     0 | D:1      | 0 ||| qw: Melee chars always use a shield: true
     0 | D:1      | 0 ||| qw: God list: Okawaru
     0 | D:1      | 0 ||| qw: Allow faded altars: false
     0 | D:1      | 0 ||| qw: Do Orc after clearing Dungeon:15 true
     0 | D:1      | 0 ||| qw: Do second Lair branch before Depths: true
     0 | D:1      | 0 ||| qw: Lair rune preference: random
     0 | D:1      | 0 ||| qw: Goals: Normal
     0 | D:1      | 0 ||| PLANNING D:1-11
   135 | D:1      | Reached XP level 2. HP: 16/16 MP: 3/3
   242 | D:1      | Reached skill level 3 in Ranged Weapons
   399 | D:1      | Found a faded altar of an unknown god.
   545 | D:1      | Reached XP level 3. HP: 21/21 MP: 4/4
   956 | D:1      | 956 ||| UPGRADING to +0 leather armour.
   966 | D:1      | 966 ||| DROPPING +0 robe.
   967 | D:1      | 967 ||| READING scroll labelled UQAUJU UHABAH.
   968 | D:1      | 968 ||| READING scroll labelled UDOOPP SUAVO.
   969 | D:1      | 969 ||| DROPPING scroll of poison.
  1237 | D:2      | Reached XP level 4. HP: 26/26 MP: 5/5
  1539 | D:2      | 1539 ||| UPGRADING to +0 helmet.
  1544 | D:2      | 1544 ||| DROPPING ring of flight.
  1545 | D:2      | 1545 ||| READING scroll labelled WEHAPL MASUILI.
  1546 | D:2      | 1546 ||| READING scroll labelled OMOIBUR VAUBBE.
  1676 | D:3      | Reached skill level 4 in Ranged Weapons
  1707 | D:3      | Found a blossoming altar of Fedhas.
  1895 | D:3      | Found a radiant altar of Vehumet.
  1914 | D:3      | 1914 ||| FLEEEEING.
  1915 | D:3      | 1915 ||| FLEEEEING.
  1916 | D:3      | 1916 ||| FLEEEEING.
  1917 | D:3      | 1917 ||| FLEEEEING.
  1918 | D:3      | 1918 ||| FLEEEEING.
  1919 | D:3      | 1919 ||| FLEEEEING.
  1940 | D:3      | Found a glowing silver altar of Zin.
  2353 | D:3      | Slain by a gnoll

Levels and vault maps discovered:
D:1:      dpeg_arrival_houses_and_road, layout_loops_corners,
          ebering_ecumenical_altar_hall
D:2:      layout_loops_ring, kennysheep_generic_room_12
D:3:      layout_basic, fedhas_ov_isle_minmay,
          mainiacjoe_overflow_catwalk_spiral, st_stairs_5, nrook_mini_vaults

Skill      XL: |  1  2  3  4 |
---------------+-------------+-----
Ranged Weapons | 3 4 |  4.4
Fighting       | 2 |  2.0
Dodging        | |  1.5
Spellcasting   | |  1.0
Hexes          | |  2.6

Action                     |  1- 3 |  4- 6 || total
---------------------------+-------+-------++-------
   Fire: Sling             |   126 |    68 ||   194
    Use: Scroll            |     2 |     2 ||     4
 Armour: Robe              |     7 |       ||     7
         Leather armour    |    12 |     6 ||    18
  Dodge: Dodged            |    43 |    16 ||    59

Table legend:
 A = Non-vault XP
 B = Vault XP
 C = Vault XP percentage of total XP
 D = Non-vault monster count
 E = Vault monster count
 F = Vault count percentage of total count
                 A         B        C        D         E       F
            +---------+---------+-------+---------+---------+-------
      Total |     131 |       6 |   4.4 |      49 |       3 |   5.8
            +---------+---------+-------+---------+---------+-------
        D:1 |      46 |       0 |   0.0 |      22 |       0 |   0.0
        D:2 |      45 |       0 |   0.0 |      13 |       0 |   0.0
        D:3 |      40 |       6 |  13.0 |      14 |       3 |  17.6
            +---------+---------+-------+---------+---------+-------
